 Dungeon Crawl Stone Soup version 0.22-a0-283-g1871b15 (webtiles) character file.

167 Azzok the Digger (level 5, -3/29 HPs)
             Began as a Deep Elf Earth Elementalist on Mar 19, 2018.
             Slain by Natasha (5 damage)
             ... on level 2 of the Dungeon.
             The game lasted 00:04:16 (2557 turns).

Azzok the Digger (Deep Elf Earth Elementalist)      Turns: 2557, Time: 00:04:16

Health: -3/29      AC:  4    Str:  9    XL:     5   Next: 23%
Magic:  5/11       EV: 13    Int: 21    God:
Gold:   110        SH:  0    Dex: 15    Spells: 6/10 levels left

rFire    + . .     SeeInvis .   o - +4 quarterstaff (chaos)
rCold    . . .     Gourm    .   (shield currently unavailable)
rNeg     . . .     Faith    .   c - +0 robe
rPois    .         Spirit   .   k - +0 helmet
rElec    .         Reflect  .   p - +0 cloak
rCorr    .         Harm     .   (no gloves)
MR       .....                  (no boots)
Stlth    ++........             (no amulet)
HPRegen  0.09/turn              m - +4 ring of strength
MPRegen  0.12/turn              q - ring of protection from fire

@: no status effects
A: no striking features
a: no special abilities


You were on level 2 of the Dungeon.
You were not hungry.

You visited 1 branch of the dungeon, and saw 3 of its levels.

You collected 110 gold pieces.

Inventory:

Hand Weapons
 o - a +4 quarterstaff of chaos (weapon)
Missiles
 b - 37 stones (quivered)
Armour
 c - a +0 robe (worn)
 k - a +0 helmet (worn)
 p - a +0 cloak (worn)
Jewellery
 m - a +4 ring of strength (left hand)
 q - a ring of protection from fire (right hand)
Scrolls
 a - 3 scrolls of remove curse {unknown}
 g - a scroll of enchant weapon {unknown}
 h - 5 scrolls of identify {unknown}
 i - a scroll of enchant armour {unknown}
 j - a scroll of fog {unknown}
 l - a scroll of teleportation {unknown}
Potions
 e - a potion of ambrosia {unknown}
 n - a potion of degeneration {unknown}
 r - a potion of haste {unknown}
 s - a potion of might {unknown}
 t - a potion of heal wounds {unknown}
Comestibles
 d - 6 rations


   Skills:
 + Level 1.2 Fighting
 - Level 2.4 Dodging
 - Level 2.4 Stealth
 - Level 3.0 Spellcasting
 + Level 2.4 Conjurations
   Level 1.1 Transmutations
 + Level 5.5 Earth Magic


You had 6 spell levels left.
You knew the following spells:

 Your Spells              Type           Power        Failure   Level  Hunger
a - Sandblast             Erth           ####..       1%          1    None
b - Stone Arrow           Conj/Erth      ###...       8%          3    ###....


Dungeon Overview and Level Annotations

Branches:
Dungeon (3/15)

Altars:
Ashenzari
Fedhas
Hepliaklqana

Annotations:
D:2 Natasha
D:3 Nib's ghost, amateur DsGl


Message History

* * * LOW HITPOINT WARNING * * *
Casting: Sandblast (safe; 1% risk of failure)
Confirm with . or Enter, or press ? or * to list all spells.
Aiming: Sandblast (safe; 1% risk of failure)
Press: ? - help, Shift-Dir - straight line, f/p - Natasha
Aim: Natasha (heavily wounded)
The blast of sand hits Natasha.
Natasha is severely wounded.
b - 38 stones Natasha claws you.
* * * LOW HITPOINT WARNING * * *
Casting: Sandblast (safe; 1% risk of failure)
Confirm with . or Enter, or press ? or * to list all spells.
Aiming: Sandblast (safe; 1% risk of failure)
Press: ? - help, Shift-Dir - straight line, f/p - Natasha
Aim: Natasha (severely wounded)
The blast of sand misses Natasha.
b - 37 stones Natasha claws you.
You die...

▒)▒ ▒··▒ ▒···▒······· ▒·▒
▒··▒ ▒▒··▒·▒)···▒ ▒·▒ ▒··▒
▒▒··▒······· ▒·▒ ▒··▒
▒▒·▒·▒·······
▒·▒▒▒▒▒▒▒▒··▒▒▒·▒▒▒········
▒···········▒▒·▒▒ ▒▒······▒
▒·▒▒▒▒▒▒▒▒▒···▒▒ ▒▒·····▒
▒·▒▒▒▒▒▒▒▒·h·▒·▒▒ ▒▒······▒
▒·······>·@▒····▒▒▒·▒▒···▒▒
▒···▒▒▒▒▒▒···▒▒▒·▒·▒▒▒··▒▒▒
▒▒▒·▒ ▒▒·▒▒ ▒▒·▒▒ ▒·····
▒·▒ ▒·▒ ▒▒▒ ▒··▒▒▒ ▒·▒ ▒·▒
▒···▒▒ ▒·▒ ▒▒▒▒▒·▒ ▒····▒
▒·▒ ▒·····▒ ▒╬·)'▒ ▒·▒
▒·▒▒▒▒▒ ▒····▒ ▒·▒ ▒·▒
▒▒··)▒


You could see Natasha.

Vanquished Creatures
  Crazy Yiuf (D:2)
  An orc priest (D:3)
  Natasha (D:2)
  An adder (D:2)
  A worm (D:2)
  3 dart slugs
  6 orcs (D:3)
  7 giant cockroaches
  8 goblins
  2 hobgoblins
  4 jackals (D:1)
  2 quokkas
  3 ball pythons
  6 bats
  2 frilled lizards
  3 kobolds
  9 rats
60 creatures vanquished.

Notes
Turn   | Place    | Note
-------+----------+-------------------------------------------
     0 | D:1      | Azzok the Deep Elf Earth Elementalist began the quest for the Orb.
     0 | D:1      | Reached XP level 1. HP: 10/10 MP: 6/6
   331 | D:1      | Reached XP level 2. HP: 14/15 MP: 6/8
   338 | D:1      | Reached skill level 4 in Earth Magic
   732 | D:1      | Reached XP level 3. HP: 19/19 MP: 7/9
   737 | D:1      | Learned a level 3 spell: Stone Arrow
  1412 | D:2      | Found a runed door.
  1416 | D:2      | Noticed Crazy Yiuf
  1429 | D:2      | Killed Crazy Yiuf
  1429 | D:2      | Reached skill level 1 in Conjurations
  1429 | D:2      | Reached skill level 5 in Earth Magic
  1559 | D:2      | Reached XP level 4. HP: 24/24 MP: 10/10
  1728 | D:2      | Found a hazy altar of Hepliaklqana.
  1736 | D:2      | Found a blossoming altar of Fedhas.
  1737 | D:2      | Noticed Natasha
  1741 | D:2      | Killed Natasha
  1781 | D:2      | Found a shattered altar of Ashenzari.
  2081 | D:3      | Reached skill level 1 in Fighting
  2227 | D:3      | Reached XP level 5. HP: 27/29 MP: 5/11
  2471 | D:3      | Noticed Nib's ghost (amateur DsGl)
  2552 | D:2      | Noticed Natasha
  2557 | D:2      | Slain by Natasha

Vault maps used:
D:1:      dpeg_arrival_erosion, minmay_misc_feat_plants, hangedman_decor_lopped
D:2:      grunt_temple_overflow_diamond, uniq_natasha, uniq_crazy_yiuf_cottage
D:3:      minmay_misc_feat_secret_circle

Skill      XL: |  1  2  3  4 |
---------------+-------------+-----
Earth Magic    | 4 5 |  5.5
Conjurations   | 1 2 |  2.4
Fighting       | 1 |  1.2
Dodging        | |  2.4
Stealth        | |  2.4
Spellcasting   | |  3.0
Transmutations | |  1.1

Action                   |  1- 3 |  4- 6 || total
-------------------------+-------+-------++-------
Melee: Unarmed           |    16 |       ||    16
       Dagger            |     4 |       ||     4
       Quarterstaff      |     1 |    36 ||    37
 Cast: Sandblast         |    32 |    12 ||    44
       Stone Arrow       |    11 |     7 ||    18
 Stab: Sleeping          |       |     5 ||     5
  Eat: Chunk             |     3 |     4 ||     7
Armor: Robe              |     7 |     6 ||    13
Dodge: Dodged            |    22 |    22 ||    44

Table legend:
 A = Spawn XP
 B = Non-spawn XP
 C = Spawn XP percentage of total XP
 D = Spawn monster count
 E = Non-spawn monster count
 F = Spawn count percentage of total count
 G = Total turns spent on level
                    A         B        C        D         E        F      G
               +---------+---------+-------+---------+---------+-------+---------
         Total |       0 |     239 |   0.0 |       0 |      60 |   0.0 |  2557
               +---------+---------+-------+---------+---------+-------+---------
           D:1 |       0 |      47 |   0.0 |       0 |      29 |   0.0 |  1080
           D:2 |       0 |     115 |   0.0 |       0 |      15 |   0.0 |  1018
           D:3 |       0 |      77 |   0.0 |       0 |      16 |   0.0 |   459
               +---------+---------+-------+---------+---------+-------+---------
